 Dungeon Crawl Stone Soup version 0.13-a0-2001-g039544c (webtiles) character file.

751 Kae the Chiller (level 7, 0/46 HPs)
             Began as a Merfolk Ice Elementalist on June 25, 2013.
             Slain by a wight
             ... wielding a +0,+0 scimitar
              (2 damage)
             ... on Level 5 of the Dungeon.
             The game lasted 00:11:14 (4691 turns).

Kae the Chiller (Merfolk Ice Elementalist)          Turns: 4691, Time: 00:11:14

HP   0/46        AC  6     Str  7      XL: 7   Next:  9%
MP  12/14        EV 17     Int 15      God:
Gold 281         SH  0     Dex 21      Spells:  2 memorised,  9 levels left

Res.Fire  : + . .   See Invis. : .   t - +1 elf spear
Res.Cold  : + . .   Warding    : .   v - +0 robe (curse)
Life Prot.: . . .   Conserve   : +   (no shield)
Res.Poison: +       Res.Corr.  : .   q - +2 wizard hat
Res.Elec. : +       Clarity    : .   r - +1 dwarf cloak
Sust.Abil.: . .     Spirit.Shd : .   (no gloves)
Res.Mut.  : .       Stasis     : .   (no boots)
Res.Rott. : .       Flight     : +   x - amulet of conservation
Saprovore : . . .                    j - cursed ring of hunger
                                     i - cursed -2 ring of evasion

@: agile, flying, mildly poisoned, slightly resistant to hostile enchantments,
quite stealthy
A: change form in water, swift swim, Str -2, Int -1, Dex +2
a: no special abilities


You were on level 5 of the Dungeon.
You were not hungry.

You visited 1 branch of the dungeon, and saw 6 of its levels.

You collected 261 gold pieces.

Inventory:

Hand weapons
 t - a +1,+1 elven spear (weapon)
Armour
 a - a +0 robe
 q - a +2 wizard hat (worn)
 r - a +1 dwarven cloak (worn)
 v - a cursed +0 robe (worn)
 z - a +0 orcish leather armour of fire resistance
Magical devices
 k - a wand of fireball (4) {unknown}
Comestibles
 c - 4 bread rations
 d - 2 chokos
 h - a meat ration
Scrolls
 n - a scroll of amnesia
Jewellery
 g - an uncursed amulet of rage
 i - a cursed -2 ring of evasion (left hand)
 j - a cursed ring of hunger (right hand)
 m - an uncursed ring of flight {unknown}
 s - an uncursed ring of protection from cold
 x - an amulet of conservation (around neck)
 y - a cursed ring of teleportation
Potions
 p - a potion of agility
Books
 b - a book of Frost

   Spells                             Type                      Level
   *Freeze                            Ice                          1
   *Throw Frost                       Conjuration/Ice              2
   Ozocubu's Armour                   Charms/Ice                   3
   Throw Icicle                       Conjuration/Ice              4
   Summon Ice Beast                   Ice/Summoning                4
   Condensation Shield                Ice                          4


   Skills:
 - Level 2.6 Dodging
 - Level 2.1 Stealth
 + Level 3.1 Spellcasting
 * Level 3.3 Conjurations
 * Level 6.6 Ice Magic


You had 9 spell levels left.
You knew the following spells:

 Your Spells              Type           Power        Failure   Level  Hunger
a - Freeze                Ice            ###.         1%          1    #......
b - Throw Frost           Conj/Ice       ###...       4%          2    ##.....


Dungeon Overview and Level Annotations

Branches:
Dungeon (6/27)
 Temple: D:4-7          Orc: D:6-11

Altars:
Cheibriados
Makhleb
Vehumet

Shops:
D:4: (

Annotations
D:5 Grinder


Innate Abilities, Weirdness & Mutations

You revert to your normal form in water.
You are very nimble and swift while swimming.
You are dopey (Int -1).
Your muscles are very flexible, but weak (Str -2, Dex +2).


Message History

It was a potion of poison.
The wight barely misses you.
Drink which item? (? for menu, Esc to quit)
You feel extremely strange.
Your muscles feel loose.
You feel stupid.
Your muscles feel loose.
It was a potion of mutation.
The orc hits you but does no damage. The wight misses you.
The orc barely misses you.
Drink which item? (? for menu, Esc to quit)
You feel very buoyant.
You fly up into the air.
It was a potion of flight.
* * * LOW HITPOINT WARNING * * *
You feel sick. The orc hits you but does no damage.
The wight completely misses you. The orc closely misses you.
Drink which item? (? for menu, Esc to quit)
You feel protected. The orc hits you but does no damage.
Unknown command.
You barely miss the wight.
The wight is lightly damaged.
The wight hits you with a scimitar.
You die...

# #.# #.# #.#
#####.######.#####
#.#
.....^...........#
#.#
#####.######.###.#
#.# # #.# #.# #.#
#.# # #.# #.# #.#
#.# # #.# #.# #o#
#.# # #.# #.# #o#
#.# # #.# #.# #@#
#.# # #.# #.# #z#
#.# ## #.# #.# #.#
#.# .# #.# #.# #.#
#.# .# #.# #.# #.#
#.# .# #.# #.# #.#
#.# .# #.# #.# #.#
#.# .# #.# #.# #.#
#.# .# #.# #.# #.#
#.#


You could see a wight and 2 orcs.

Vanquished Creatures
  A centaur (D:5)
  A crimson imp (D:4)
  A hound (D:4)
  2 orc priests (D:4)
  4 orc wizards
  A scorpion (D:6)
  An iguana (D:5)
  2 worker ants
  4 adders
  3 gnolls (D:4)
  A giant mite (D:3)
  3 worms
  3 giant geckos
  11 orcs
  6 bats
  4 hobgoblins
  7 jackals
  A quokka (D:2)
  2 ball pythons (D:1)
  A giant cockroach (D:2)
  A giant newt (D:3)
  10 goblins
  8 kobolds
  An orc zombie (D:5)
  9 rats
  A rat skeleton (D:5)
89 creatures vanquished.

Vanquished Creatures (others)
  A jackal (D:5)
1 creature vanquished.

Grand Total: 90 creatures vanquished

Notes
Turn   | Place    | Note
--------------------------------------------------------------
     0 | D:1      | Kae, the Merfolk Ice Elementalist, began the quest for the Orb.
     0 | D:1      | Reached XP level 1. HP: 13/13 MP: 3/3
   393 | D:1      | Reached XP level 2. HP: 16/19 MP: 2/4
   851 | D:2      | Reached skill level 4 in Ice Magic
  1106 | D:2      | Reached XP level 3. HP: 24/24 MP: 6/6
  1723 | D:3      | Found a burning altar of Makhleb.
  1985 | D:3      | Reached XP level 4. HP: 30/30 MP: 4/7
  1989 | D:3      | Learned a level 2 spell: Throw Frost
  2532 | D:3      | Reached skill level 1 in Conjurations
  2561 | D:3      | HP: 1/30 [orc/orcish short sword (5)]
  2779 | D:4      | Found Psaarch's Weapon Emporium.
  2807 | D:4      | Reached skill level 5 in Ice Magic
  2807 | D:4      | Reached XP level 5. HP: 22/35 MP: 7/9
  2948 | D:4      | Found a radiant altar of Vehumet.
  3038 | D:4      | Found a snail-covered altar of Cheibriados.
  3458 | D:4      | Reached XP level 6. HP: 41/41 MP: 12/12
  3731 | D:4      | Reached skill level 6 in Ice Magic
  3819 | D:5      | Entered Level 5 of the Dungeon
  4139 | D:5      | Reached XP level 7. HP: 7/46 MP: 5/14
  4419 | D:5      | Noticed Grinder
  4419 | D:5      | Paralysed by Grinder for 7 turns
  4686 | D:5      | HP: 2/46 [wight/scimitar (1)]
  4688 | D:5      | Gained mutation: Your muscles are flexible, but weak (Str -1, Dex +1). [potion of mutation]
  4688 | D:5      | Gained mutation: You are dopey (Int -1). [potion of mutation]
  4688 | D:5      | Gained mutation: Your muscles are very flexible, but weak (Str -2, Dex +2). [potion of mutation]
  4691 | D:5      | Slain by a wight

Action                   |  1- 3 |  4- 6 |  7- 9 || total
-------------------------+-------+-------+-------++-------
Melee: Unarmed           |    23 |       |       ||    23
       Spear             |       |    57 |    14 ||    71
 Cast: Freeze            |    61 |    80 |    15 ||   156
  Use: Potion            |       |     4 |     5 ||     9
       Scroll            |       |    15 |     2 ||    17
 Stab: Sleeping          |     1 |     4 |     1 ||     6
